 Dungeon Crawl Stone Soup version 0.23.2-1-ga50397a6bc (webtiles) character file.

Game seed: 1171343131812701255

26 Freyura the Insei (level 3, -2/28 HPs)
             Began as a Gnoll Transmuter on May 28, 2019.
             Slain by an adder (3 damage)
             ... on level 2 of the Dungeon.
             The game lasted 00:03:09 (959 turns).

Freyura the Insei (Gnoll Transmuter)                 Turns: 959, Time: 00:03:10

Health: -2/28      AC:  2    Str: 12    XL:     3   Next: 8%
Magic:  9/9        EV: 14    Int: 16    God:
Gold:   8          SH:  0    Dex: 15    Spells: 11/12 levels left

rFire    . . .     SeeInvis .     - Unarmed
rCold    . . .     Gourm    .   (no shield)
rNeg     . . .     Faith    .   b - +0 robe
rPois    .         Spirit   .   (no helmet)
rElec    .         Reflect  .   (no cloak)
rCorr    .         Harm     .   (no gloves)
MR       .....                  (no boots)
Stlth    ++........             (no amulet)
HPRegen  0.09/turn              (no ring)
MPRegen  0.11/turn              (no ring)

@: lethally poisoned (-2 -> -5)
A: distributed training, fangs 1, strong nose
a: no special abilities


You were on level 2 of the Dungeon.
You were not hungry.

You visited 1 branch of the dungeon, and saw 2 of its levels.

You collected 8 gold pieces.

Inventory:

Missiles
 a - 34 arrows
Armour
 b - a +0 robe (worn)
Jewellery
 c - an uncursed ring of protection from cold {unknown}
Scrolls
 e - a scroll of enchant armour {unknown}
 g - 2 scrolls of identify {unknown}
Potions
 f - a potion of lignification {unknown}
 h - a potion of mutation {unknown}
Comestibles
 d - 3 rations


   Skills:
 + Level 2.5 Fighting
 + Level 0.6 Short Blades
 + Level 0.6 Long Blades
 + Level 0.6 Axes
 + Level 0.6 Maces & Flails
 + Level 0.6 Polearms
 + Level 0.6 Staves
 + Level 0.6 Slings
 + Level 0.6 Bows
 + Level 0.6 Crossbows
 + Level 0.6 Throwing
 + Level 0.6 Armour
 + Level 4.5 Dodging
 + Level 0.6 Stealth
 + Level 0.6 Shields
 + Level 6.5 Unarmed Combat
 + Level 5.0 Spellcasting
 + Level 0.4 Conjurations
 + Level 0.4 Hexes
 + Level 0.4 Charms
 + Level 0.4 Summonings
 + Level 0.4 Necromancy
 + Level 0.4 Translocations
 + Level 3.7 Transmutations
 + Level 0.4 Fire Magic
 + Level 0.4 Ice Magic
 + Level 0.4 Air Magic
 + Level 0.4 Earth Magic
 + Level 0.4 Poison Magic
 + Level 0.8 Invocations
 + Level 0.6 Evocations


You had 11 spell levels left.
You knew the following spells:

 Your Spells              Type           Power        Failure   Level  Hunger
a - Beastly Appendage     Tmut           ###...       3%          1    None

Your spell library contained the following spells:

 Spells                   Type           Power        Failure   Level  Hunger
 Sticks to Snakes         Tmut           ###.....     4%          2    #......
 Spider Form              Tmut/Pois      ##........   19%         3    ###....
 Ice Form                 Ice/Tmut       ##......     54%         4    ####...
 Blade Hands              Tmut           ###.......   65%         5    ######.


Dungeon Overview and Level Annotations

Branches:
Dungeon (2/15)

Altars:


Innate Abilities, Weirdness & Mutations

Your experience applies equally to all skills.
You have very sharp teeth.
Your uncanny sense of smell can sniff out nearby items.


Message History

You barely miss the adder. The adder bites you but does no damage.
The adder closely misses you. The adder barely misses you. The adder bites you.
You are poisoned.
The adder poisons you! The adder barely misses you.
You feel sick. The adder closely misses you.
The dart slug launches a dart at you. The slug dart hits you.
The adder bites you.
* * * LOW HITPOINT WARNING * * *
You feel sick. The adder bites you but does no damage.
The dart slug closely misses you. The adder bites you.
* * * LOW HITPOINT WARNING * * *
The adder barely misses you. The dart slug barely misses you.
The adder bites you.
* * * LOW HITPOINT WARNING * * *
* * * LOW HITPOINT WARNING * * *
You feel sick. The adder bites you.
You die...

.........#
.........#
........)#
.........#
.##......#
..[......#
.##......##
.......w..#
.......@..#
.......S..#
..........#
.........##
.###......
#......#
#......#
#.....##
.......


You could see an adder and a dart slug.

Vanquished Creatures
  A dart slug (D:1)
  2 leopard geckos (D:1)
  2 goblins (D:1)
  4 hobgoblins (D:1)
  2 jackals (D:1)
  3 bats (D:1)
  A frilled lizard (D:1)
  3 kobolds (D:1)
  5 rats (D:1)
23 creatures vanquished.

Notes
Turn   | Place    | Note
-------+----------+-------------------------------------------
     0 | D:1      | Freyura the Gnoll Transmuter began the quest for the Orb.
     0 | D:1      | Reached XP level 1. HP: 17/17 MP: 6/6
   418 | D:1      | Reached XP level 2. HP: 23/23 MP: 5/7
   553 | D:1      | Reached XP level 3. HP: 18/28 MP: 7/9
   908 | D:1      | Reached skill level 5 in Spellcasting
   959 | D:2      | HP: 1/28 [poisoned by an adder]
   959 | D:2      | Slain by an adder

Skill      XL: |  1  2  3 |
---------------+----------+-----
Spellcasting   | 5 |  5.0
Fighting       | |  2.5
Short Blades   | |  0.6
Long Blades    | |  0.6
Axes           | |  0.6
Maces & Flails | |  0.6
Polearms       | |  0.6
Staves         | |  0.6
Slings         | |  0.6
Bows           | |  0.6
Crossbows      | |  0.6
Throwing       | |  0.6
Armour         | |  0.6
Dodging        | |  4.5
Stealth        | |  0.6
Shields        | |  0.6
Unarmed Combat | |  6.5
Conjurations   | |  0.4
Hexes          | |  0.4
Charms         | |  0.4
Summonings     | |  0.4
Necromancy     | |  0.4
Translocations | |  0.4
Transmutations | |  3.7
Fire Magic     | |  0.4
Ice Magic      | |  0.4
Air Magic      | |  0.4
Earth Magic    | |  0.4
Poison Magic   | |  0.4
Invocations    | |  0.8
Evocations     | |  0.6

Action                   || total
-------------------------++-------
Melee: Unarmed           ||    61
       Bite              ||     5
       Headbutt          ||     4
       Kick              ||     2
 Cast: Beastly Appendage ||     7
 Stab: Sleeping          ||     2
Armor: Robe              ||    12
Dodge: Dodged            ||    49
